 Dungeon Crawl Stone Soup version 0.31.0 (webtiles) character file.

Game seed: 15719949756245726019

446 qw the Shooter (level 7, -3/45 HPs)
             Began as a Gargoyle Hunter on Jan 19, 2024.
             Incinerated by a bombardier beetle (5 damage)
             ... with a burning spray
             ... on level 4 of the Dungeon.
             The game lasted 00:00:12 (3008 turns).

qw the Shooter (Gargoyle Hunter)                    Turns: 3008, Time: 00:00:12

Health: -3/45      AC: 13    Str: 15    XL:     7   Next: 3%
Magic:  7/7        EV: 11    Int:  9    God:
Gold:   144        SH:  0    Dex: 15    Spells: 6/6 levels left

rFire   . . .        a - +0 shortbow (flame)
rCold   . . .        (shield currently unavailable)
rNeg    + . .        i - +0 ring mail
rPois   inf          (no helmet)
rElec   +            g - +0 cloak
rCorr   .            e - +1 pair of gloves
SInv    .            (no boots)
Will    .....        h - amulet of faith
Stlth   +            (no ring)
HPRegen 0.27/turn    (no ring)
MPRegen 0.10/turn

%: faith
@: on fire, about to teleport, glowing
A: sickness immunity, AC +4, negative energy resistance 1, electricity
resistance, torment resistance 1, petrification resistance
a: no special abilities


You were on level 4 of the Dungeon.
You visited 1 branch of the dungeon, and saw 4 of its levels.

You collected 144 gold pieces.


Innate Abilities, Weirdness & Mutations

You are immune to sickness and miasma.
Your stone body is resilient. (AC +4)
You are immune to poison.
You resist negative energy. (rN+)
You are resistant to electric shocks. (rElec)
You are resistant to unholy torment.
You are immune to petrification.


   Skills:
 - Level 5.8 Fighting
 + Level 6.2 Ranged Weapons
 - Level 1.2 Armour
 - Level 1.5 Dodging
 - Level 1.1 Stealth


You had 6 spell levels left.
You didn't know any spells.
Your spell library was empty.

Inventory:

Hand Weapons
 a - a +0 shortbow of flaming (weapon)
Armour
 e - a +1 pair of gloves (worn)
 g - a +0 cloak (worn)
 i - a +0 ring mail (worn)
Jewellery
 h - an amulet of faith (around neck)
Potions
 c - a potion of ambrosia {unknown}
 f - a potion of might
 k - a potion of brilliance {unknown}
 l - a potion of enlightenment {unknown}

Dungeon Overview and Level Annotations

Branches:
Dungeon (4/15)
 Temple: D:4-7

Altars:
Gozag
The Shining One

Portals:
Abyss: D:3

Annotations:
D:3 2 transporters, qw's ghost, amateur GrHu


Message History

You shoot an arrow. The arrow hits the orc.
The arrow burns the orc.
The orc is severely wounded.
The liquid fire burns you!
You shoot an arrow. The arrow closely misses the orc.
The liquid fire burns you!
You shoot an arrow. The arrow hits the orc.
The arrow burns the orc.
The orc is moderately wounded.
The liquid fire burns you!
You shoot an arrow. The arrow hits the orc.
The arrow burns the orc.
The orc is moderately wounded.
The liquid fire burns you!
You shoot an arrow. The arrow hits the orc.
The arrow burns the orc.
You kill the orc!
The liquid fire burns you!
You shoot an arrow. The arrow barely misses the orc.
The arrow hits the orc.
The arrow burns the orc.
The orc is severely wounded.
The liquid fire burns you! The orc hits you but does no damage.
The orc barely misses you.
You shoot an arrow.
The arrow hits the orc but does no damage.
The orc is severely wounded.
The liquid fire burns you! The orc hits you with a +0 hand axe.
The orc hits you but does no damage.
You shoot an arrow. The arrow barely misses the orc.
The arrow hits the bombardier beetle.
The arrow burns the bombardier beetle.
The bombardier beetle is moderately wounded.
The liquid fire burns you! The orc hits you with a +0 hand axe.
The orc hits you but does no damage.
3007 ||| READING scroll of teleportation.
As you read the scroll of teleportation, it crumbles to dust.
You feel strangely unstable. The liquid fire burns you!
The orc hits you but does no damage. The orc closely misses you.
You shoot an arrow. The arrow closely misses the orc.
The arrow hits the bombardier beetle.
The arrow burns the bombardier beetle.
The bombardier beetle is severely wounded.
You hear the slow rusting of a drain nearby.
The liquid fire burns you!
You die...

#. ## ## ... ### ....
#.. ..... #.#
......#o################
.....Bo@................
....$.#.######.........#
..... #.# #.#######.#
#### #.# #.# #.# #.# #.#
#.# #.# #.# #.# #.# #.#
#.# #+# #.# #.. #~# ###


You could see a bombardier beetle and 2 orcs.

Vanquished Creatures
  Grinder (D:3)
  2 bombardier beetles (D:3)
  An orc wizard (D:3)
  3 gnolls (D:2)
  5 adders (D:2)
  A dart slug (D:2)
  A ribbon worm (D:2)
  9 orcs
  3 ball pythons
  8 bats
  6 endoplasms
  A giant cockroach (D:1)
  2 goblins (D:1)
  7 hobgoblins
  5 jackals
  3 kobolds
  2 quokkas
  A frilled lizard (D:1)
  7 rats
68 creatures vanquished.

Notes
Turn   | Place    | Note
-------+----------+-------------------------------------------
     0 | D:1      | qw the Gargoyle Hunter began the quest for the Orb.
     0 | D:1      | Reached XP level 1. HP: 12/12 MP: 1/1
     0 | D:1      | 0 ||| qw: Version: 0.3-a-132-g3d54051
     0 | D:1      | 0 ||| qw: Game counter: 161
     0 | D:1      | 0 ||| qw: Melee chars always use a shield: true
     0 | D:1      | 0 ||| qw: God list: Okawaru
     0 | D:1      | 0 ||| qw: Allow faded altars: false
     0 | D:1      | 0 ||| qw: Do Orc after clearing Dungeon:15 true
     0 | D:1      | 0 ||| qw: Do second Lair branch before Depths: true
     0 | D:1      | 0 ||| qw: Lair rune preference: random
     0 | D:1      | 0 ||| qw: Goals: Normal
     0 | D:1      | 0 ||| PLANNING D:1-11
    82 | D:1      | Found a faded altar of an unknown god.
   145 | D:1      | Reached XP level 2. HP: 8/17 MP: 2/2
  1021 | D:1      | 1021 ||| UPGRADING to +1 pair of gloves.
  1026 | D:1      | 1026 ||| UPGRADING to +0 cloak.
  1031 | D:1      | 1031 ||| UPGRADING to +0 ring mail.
  1041 | D:1      | 1041 ||| DROPPING +0 leather armour.
  1042 | D:1      | 1042 ||| READING scroll labelled TEIJET RAAR.
  1043 | D:1      | 1043 ||| READING scroll labelled BOVVUM EV MIEPHUSA.
  1043 | D:1      | 1043 ||| IDENTIFYING amethyst potion
  1044 | D:1      | 1044 ||| READING scroll labelled CUIVVY ZOMOCH.
  1048 | D:1      | 1048 ||| READING scroll labelled ZULAPI NYSIA.
  1048 | D:1      | 1048 ||| BRANDING +0 shortbow.
  1049 | D:1      | 1049 ||| READING scroll labelled RIGHAL ZOYROIN.
  1050 | D:1      | 1050 ||| DRINKING 2 emerald potions.
  1051 | D:1      | 1051 ||| DROPPING scroll of butterflies.
  1052 | D:1      | 1052 ||| DROPPING potion of magic.
  1105 | D:2      | Reached skill level 1 in Armour
  1105 | D:2      | Reached XP level 3. HP: 21/21 MP: 3/3
  1218 | D:2      | Reached skill level 5 in Ranged Weapons
  1225 | D:2      | HP: 5/21 [kobold/+0 club (4)]
  1228 | D:2      | 1228 ||| FLEEEEING.
  1230 | D:2      | 1230 ||| STAIRDANCE
  1294 | D:1      | 1294 ||| READING scroll labelled COSITE KURYXI.
  1325 | D:2      | Reached XP level 4. HP: 27/27 MP: 4/4
  1331 | D:2      | Reached skill level 3 in Fighting
  1675 | D:2      | Reached XP level 5. HP: 32/32 MP: 5/5
  1675 | D:2      | Found a glowing golden altar of the Shining One.
  1882 | D:3      | Reached skill level 6 in Ranged Weapons
  1882 | D:3      | 1882 ||| FLEEEEING.
  1942 | D:3      | Found a transporter.
  1945 | D:3      | 1945 ||| DRINKING glowing black potion.
  1953 | D:3      | Noticed a small abomination
  1998 | D:3      | Noticed qw's ghost (amateur GrHu)
  1999 | D:3      | Found a one-way gate to the infinite horrors of the Abyss.
  2005 | D:3      | Found a transporter.
  2237 | D:3      | Noticed Grinder
  2250 | D:3      | Paralysed by Grinder for 4 turns
  2257 | D:3      | Killed Grinder
  2258 | D:3      | Reached XP level 6. HP: 31/41 MP: 6/6
  2258 | D:3      | 2258 ||| FLEEEEING.
  2319 | D:3      | Found an opulent altar of Gozag.
  2384 | D:3      | Reached XP level 7. HP: 19/45 MP: 7/7
  2384 | D:3      | 2384 ||| FLEEEEING.
  2724 | D:3      | 2724 ||| READING scroll labelled WUADIOCHUF.
  2725 | D:3      | 2725 ||| READING scroll labelled VEOTECVO ZUGU.
  2725 | D:3      | Identified a scroll of acquirement
  2725 | D:3      | 2725 ||| ACQUIRING amulet of faith
  2725 | D:3      | Acquired an amulet of faith
  2727 | D:3      | 2727 ||| UPGRADING to amulet of faith.
  2732 | D:3      | 2732 ||| DRINKING 2 murky yellow potions.
  2781 | D:3      | 2781 ||| DRINKING 2 blue potions.
  2786 | D:3      | 2786 ||| FLEEEEING.
  2896 | D:3      | 2896 ||| DROPPING potion of lignification.
  2897 | D:3      | 2897 ||| DROPPING potion of berserk rage.
  2911 | D:4      | 2911 ||| PLANNING SEWER
  3006 | D:4      | HP: 9/45 [burnt (5)]
  3007 | D:4      | 3007 ||| READING scroll of teleportation.
  3007 | D:4      | HP: 2/45 [burnt (3)]
  3008 | D:4      | Incinerated by a bombardier beetle

Levels and vault maps discovered:
D:1:      wander_arrival_desolate, layout_loops_ring,
          ebering_ecumenical_altar_petrified, serial_rivers,
          chequers_serial_rivers_room_b, chequers_serial_rivers_micro_a,
          chequers_serial_rivers_room_b, chequers_serial_rivers_micro_d,
          minmay_hexomino_c4
D:2:      layout_basic, basic_altar, chequers_serial_rivers_micro_b
D:3:      layout_loops_ring, nicolae_gozag_seed_capital,
          gammafunk_ghost_abyssal_escape, grunt_decor_fettered,
          serial_bayou_pond_a, minivault_26, uniq_grinder
D:4:      layout_basic, grunt_temple_overflow_open, portal_sewer_entry_d,
          serial_shops, nicolae_shop_peninsula, columned_hall_lemuel

Skill      XL: |  1  2  3  4  5 |
---------------+----------------+-----
Armour         | 1 |  1.2
Ranged Weapons | 5 6 |  6.2
Fighting       | 3 5 |  5.8
Dodging        | |  1.5
Stealth        | |  1.1

Action                     |  1- 3 |  4- 6 |  7- 9 || total
---------------------------+-------+-------+-------++-------
   Fire: Shortbow          |   114 |   130 |    14 ||   258
    Use: Scroll            |     6 |       |     3 ||     9
         Potion            |     1 |     1 |     2 ||     4
 Armour: Leather armour    |    19 |       |       ||    19
         Ring mail         |    29 |    47 |     6 ||    82
  Dodge: Dodged            |    38 |    48 |     2 ||    88

Table legend:
 A = Non-vault XP
 B = Vault XP
 C = Vault XP percentage of total XP
 D = Non-vault monster count
 E = Vault monster count
 F = Vault count percentage of total count
                 A         B        C        D         E       F
            +---------+---------+-------+---------+---------+-------
      Total |     338 |     300 |  47.0 |      61 |       7 |  10.3
            +---------+---------+-------+---------+---------+-------
        D:1 |      21 |      10 |  32.3 |      13 |       6 |  31.6
        D:2 |     134 |       0 |   0.0 |      22 |       0 |   0.0
        D:3 |     175 |     290 |  62.4 |      23 |       1 |   4.2
        D:4 |       8 |       0 |   0.0 |       3 |       0 |   0.0
            +---------+---------+-------+---------+---------+-------
